 Dungeon Crawl Stone Soup version 0.14-a0-1546-g4b4961f (webtiles) character file.

400 PolkaDot the Conjurer (level 6, -4/35 HPs)
             Began as a Tengu Conjurer on Dec 18, 2013.
             Killed by divine providence
             ... invoked by an orc priest
              (14 damage)
             ... while paralysed by a potion of paralysis
             ... on Level 3 of the Dungeon.
             The game lasted 00:16:47 (3122 turns).

PolkaDot the Conjurer (Tengu Conjurer)              Turns: 3122, Time: 00:16:47

HP  -4/35        AC  2     Str  8      XL: 6   Next: 37%
MP  12/12        EV  2     Int 17      God:
Gold 98          SH  0     Dex 15      Spells:  3 memorised,  2 levels left

rFire  + . .     SeeInvis .     D - +0 orc short sword (elec)
rCold  . . .     Clarity  .     a - +0 robe
rNeg   . . .     Conserve .     (no shield)
rPois  .         rCorr    .     (helmet restricted)
rElec  .         rRot     .     (no cloak)
SustAb . .       Spirit   .     (no gloves)
rMut   +         Warding  .     (boots unavailable)
Saprov . . .     Stasis   .     v - amulet of resist mutation {unknown}
                                f - +5 ring of evasion
                                d - ring of protection from fire {unknown}

@: paralysed, slightly resistant to hostile enchantments, fairly stealthy
A: able to fly, beak, talons 3
a: Fly


You were on level 3 of the Dungeon.
You were hungry.

You visited 1 branch of the dungeon, and saw 3 of its levels.

You collected 98 gold pieces.

Inventory:

Hand weapons
 D - a +0,+0 orcish short sword of electrocution (weapon)
Armour
 a - a +0 robe (worn)
Magical devices
 u - a wand of enslavement (17)
 y - a wand of digging (9)
Comestibles
 b - 3 bread rations
 h - a snozzcumber
 l - a slice of pizza
 n - an apricot
 r - a meat ration
 t - a pear
Scrolls
 e - 7 scrolls of identify {unknown}
 g - 2 scrolls of teleportation {unknown}
 i - 2 scrolls of fog {unknown}
 j - 2 scrolls of remove curse {unknown}
 k - a scroll of magic mapping {unknown}
 o - 2 scrolls of curse weapon {unknown}
 p - 2 scrolls of enchant weapon I {unknown}
 q - 2 scrolls of noise {unknown}
 w - 2 scrolls of recharging {unknown}
 x - a scroll of curse jewellery {unknown}
Jewellery
 d - a ring of protection from fire (left hand) {unknown}
 f - a +5 ring of evasion (right hand)
 v - an amulet of resist mutation (around neck) {unknown}
Potions
 m - a potion of paralysis
 s - a potion of brilliance {unknown}
Books
 c - a book of Conjurations

   Spells                             Type                      Level
   *Magic Dart                        Conjuration                  1
   *Searing Ray                       Conjuration                  2
   Dazzling Spray                     Conjuration/Hexes            3
   *Iskenderun's Mystic Blast         Conjuration                  4
   Iskenderun's Battlesphere          Conjuration/Charms           4
   Fulminant Prism                    Conjuration/Hexes            5


   Skills:
 + Level 1.7 Fighting
 - Level 2.1 Dodging
 - Level 2.0 Stealth
 - Level 2.0 Spellcasting
 * Level 9.4 Conjurations


You had 2 spell levels left.
You knew the following spells:

 Your Spells              Type           Power        Failure   Level  Hunger
a - Magic Dart            Conj           ####         1%          1    #......
d - Iskenderun's Mystic   Conj           ####....     6%          4    #####..
s - Searing Ray           Conj           ####..       1%          2    ###....


Dungeon Overview and Level Annotations

Branches:
Dungeon (3/16)

Altars:


Innate Abilities, Weirdness & Mutations

You can fly.
You have a beak for a mouth.
You have claws for feet.


Message History

Something smites you!
The orc priest drinks a potion.
The orc priest flickers and vanishes!
Deactivating autopickup; reactivate with Ctrl-A.
The orc shouts!
The orc priest calls down the wrath of Beogh upon you.
Something smites you!
You hear something mumble some strange prayers to Beogh against you.
Something smites you!
* * * LOW HITPOINT WARNING * * *
Drink which item? (? for menu, Esc to quit)
You feel better.
An orc comes into view. It is wielding an orcish mace.
Drink which item? (? for menu, Esc to quit)
You suddenly lose the ability to move!
It was a potion of paralysis.
It hits you.
* * * LOW HITPOINT WARNING * * *
It hits you but does no damage.
The orc priest invokes the aid of Beogh against you.
Something smites you!
You die...

##.#.# #.# #..#......
#....#####.####..#.###.#
#.....)............# #.#
#...)#####.........# #.#
####.#####.........# #.#
#..)..............# #.#
###.#.#####.........# #.#
#.......###.####..#.###.#
#.....<.@.oo............#
#.......###o####.....####
#.......# #.# #.........
#.......# #.# #.........
#####.#.#####.# #.....####
#..........##.####.##.#####
#..........................
#..........##.####.##.#####
#..........##.# #.##.#


You could see an orc priest and 2 orcs.

Vanquished Creatures
  A sky beast (D:3)
  An orc wizard (D:3)
  Terence (D:3)
  3 gnolls (D:3)
  6 adders
  A giant gecko (D:2)
  4 orcs (D:3)
  6 bats
  5 giant cockroaches
  13 goblins
  6 hobgoblins
  4 jackals (D:2)
  2 oozes
  A quokka (D:2)
  2 giant newts (D:1)
  10 kobolds
  17 rats
83 creatures vanquished.

Notes
Turn   | Place    | Note
--------------------------------------------------------------
     0 | D:1      | PolkaDot, the Tengu Conjurer, began the quest for the Orb.
     0 | D:1      | Reached XP level 1. HP: 10/10 MP: 3/3
   314 | D:1      | Reached XP level 2. HP: 15/15 MP: 3/5
   326 | D:1      | Learned a level 2 spell: Searing Ray
   380 | D:1      | Reached skill level 6 in Conjurations
   874 | D:2      | Reached XP level 3. HP: 13/19 MP: 4/7
  1116 | D:2      | Reached skill level 7 in Conjurations
  1239 | D:2      | Reached XP level 4. HP: 7/24 MP: 0/8
  1985 | D:2      | Reached skill level 8 in Conjurations
  2108 | D:3      | Learned a level 4 spell: Iskenderun's Mystic Blast
  2115 | D:3      | Reached XP level 5. HP: 28/28 MP: 6/11
  2213 | D:3      | Noticed Terence
  2223 | D:3      | Killed Terence
  2437 | D:3      | Noticed a sky beast
  2444 | D:3      | Killed a sky beast
  2444 | D:3      | Reached skill level 1 in Fighting
  2444 | D:3      | Reached skill level 9 in Conjurations
  2444 | D:3      | Reached XP level 6. HP: 32/34 MP: 7/12
  3119 | D:3      | Paralysed by a potion of paralysis for 4 turns
  3122 | D:3      | Killed from afar by an orc priest

Action                   |  1- 3 |  4- 6 || total
-------------------------+-------+-------++-------
Melee: Unarmed           |    22 |    19 ||    41
       Short sword       |       |    18 ||    18
 Cast: Magic Dart        |    39 |    18 ||    57
       Searing Ray       |     9 |    18 ||    27
Evoke: Wand              |       |     2 ||     2
  Use: Potion            |     1 |     2 ||     3
